 Dungeon Crawl Stone Soup version 0.29-a0-553-g81b289dbe5 (webtiles) character file.

Game seed: 17486052846168958323

729 Querens the Shield-Bearer (level 8, -7/63 HPs)
             Began as a Formicid Fighter on June 6, 2022.
             Mangled by an ogre
             ... wielding a +0 giant club
              (18 damage)
             ... on level 4 of the Dungeon.
             The game lasted 00:15:00 (3474 turns).

Querens the Shield-Bearer (Formicid Fighter)        Turns: 3474, Time: 00:15:00

Health: -7/63      AC:  8    Str: 22    XL:     8   Next: 3%
Magic:  8/8        EV:  9    Int:  9    God:
Gold:   181        SH:  6    Dex: 10    Spells: 7/7 levels left

rFire   . . .      SeeInvis +   a - +0 war axe
rCold   . . .      Faith    .   c - +1 buckler
rNeg    . . .      Spirit   .   b - +0 scale mail
rPois   .          Reflect  .   (helmet unavailable)
rElec   .          Harm     .   p - +0 cloak
rCorr   .          Rampage  .   (no gloves)
Will    .....                   (no boots)
Stlth   ..........              (no amulet)
HPRegen 0.20/turn               h - ring of flight
MPRegen 0.11/turn               (no ring)

@: flying
A: permanent stasis, dig shafts and tunnels, antennae 3, four strong arms
a: Dig, Shaft Self


You were on level 4 of the Dungeon.
You visited 1 branch of the dungeon, and saw 4 of its levels.

You collected 181 gold pieces.

Inventory:

Hand Weapons
 a - a +0 war axe (weapon)
Armour
 b - a +0 scale mail (worn)
 c - a +1 buckler (worn)
 p - a +0 cloak (worn)
Jewellery
 h - a ring of flight (left hand)
 k - a ring of fire
Wands
 q - a wand of digging (8)
Scrolls
 e - 3 scrolls of enchant weapon
 f - 3 scrolls of vulnerability
 g - a scroll of brand weapon {unknown}
 n - a scroll of magic mapping
Potions
 d - a potion of ambrosia
 l - a potion of mutation
 o - a potion of lignification


   Skills:
 + Level 5.5 Fighting
 + Level 4.5 Axes
 + Level 5.5 Armour
 + Level 6.7 Shields


You had 7 spell levels left.
You didn't know any spells.
Your spell library contained the following spells:

 Spells                   Type           Power      Damage    Failure   Level
 Magic Dart               Conj           0%         1d3       75%         1
 Call Imp                 Summ           0%         N/A       87%         2
 Ensorcelled Hibernation  Hex/Ice        0%         N/A       87%         2
 Passwall                 Tmut/Erth      0%         N/A       87%         2
 Call Canine Familiar     Summ           0%         N/A       98%         3
 Mephitic Cloud           Conj/Pois/Air  0%         N/A       98%         3
 Portal Projectile        Hex/Tloc       0%         N/A       98%         3
 Summon Guardian Golem    Hex/Summ       0%         N/A       98%         3
 Anguish                  Hex/Necr       0%         N/A       100%        4
 Leda's Liquefaction      Hex/Erth       0%         N/A       100%        4
 Enfeeble                 Hex            0%         N/A       100%        7
 Orb of Destruction       Conj           0%         9d5       100%        7
 Spellforged Servitor     Conj/Summ      0%         N/A       100%        7
 Swiftness                Air            Unusable   N/A       N/A         3

Dungeon Overview and Level Annotations

Branches:
Dungeon (4/15)
 Temple: D:4-7

Altars:

Annotations:
D:3 1 runed translucent door, leebro123's ghost, amateur DsGl
D:4 Menkaure


Innate Abilities, Weirdness & Mutations

You cannot be hasted, slowed, berserked, paralysed or teleported.
You can dig through walls and to a lower floor.
You have a pair of large antennae on your head. (SInv)
Your four strong arms can wield two-handed weapons with a shield.


Message History

There is a stone staircase leading up here.
Things that are here:
a +0 leather armour; a +0 rapier; the human skeleton of Eustachio
Found a scroll of immolation.
A ball python comes into view.
You slash the ball python!
You kill the ball python!
The ogre shouts!
You see here 7 gold pieces.
You now have 181 gold pieces (gained 7).
Okay, then.
You barely miss the ogre. The ogre hits you with a +0 giant club!
You hit the ogre.
The ogre is lightly wounded.
The ogre barely misses you.
You hit the ogre.
The ogre is moderately wounded.
The ogre hits you with a +0 giant club!
You hit the ogre but do no damage.
The ogre is moderately wounded.
The ogre hits you with a +0 giant club!
You hit the ogre.
The ogre is heavily wounded.
The ogre closely misses you.
You slash the ogre!
The ogre is severely wounded.
You block the ogre's attack.
You hit the ogre.
The ogre is almost dead.
You barely miss the ogre.
The ogre is almost dead.
The ogre hits you with a +0 giant club!!
* * * LOW HITPOINT WARNING * * *
You hit the ogre but do no damage.
The ogre is almost dead.
You block the ogre's attack.
You barely miss the ogre.
The ogre is almost dead.
The ogre hits you with a +0 giant club!!
You die...

#.#....'........<####.###########
#.#)...#####..#### #............
#.#....# #..# #############
#.#....# #..# #.#....# ##.#
#.'....# #.# ###....# #.########
###### #........# .)# #...@....#
..# #####..O.....#
..#######........#####
..#....##........#
..#....##........#
..#..............#
..####...........#
.................#
.........######..##


You could see an ogre.

Vanquished Creatures
  Grinder (D:3)
  Eustachio (D:4)
  An ogre (D:3)
  A howler monkey (D:4)
  A jelly (D:4)
  Crazy Yiuf (D:2)
  An orc priest (D:4)
  Ijyb (D:3)
  4 gnolls (D:3)
  3 adders
  A dart slug (D:3)
  7 orcs (D:4)
  11 ball pythons
  9 endoplasms
  3 giant cockroaches
  13 goblins
  3 hobgoblins
  6 jackals
  5 quokkas
  3 bats (D:1)
  4 frilled lizards
  7 kobolds
  10 rats
97 creatures vanquished.

Notes
Turn   | Place    | Note
-------+----------+-------------------------------------------
     0 | D:1      | Querens the Formicid Fighter began the quest for the Orb.
     0 | D:1      | Reached XP level 1. HP: 18/18 MP: 1/1
   137 | D:1      | Reached XP level 2. HP: 6/24 MP: 2/2
   575 | D:1      | Reached XP level 3. HP: 22/29 MP: 3/3
  1081 | D:2      | Reached XP level 4. HP: 37/37 MP: 4/4
  1476 | D:2      | Found a runed translucent door.
  1477 | D:2      | Noticed Crazy Yiuf
  1485 | D:2      | Killed Crazy Yiuf
  1591 | D:3      | Noticed Grinder
  1699 | D:3      | Noticed Ijyb
  1706 | D:3      | Killed Ijyb
  1707 | D:3      | Reached skill level 5 in Shields
  1707 | D:3      | Reached XP level 5. HP: 32/42 MP: 5/5
  1826 | D:3      | Killed Grinder
  1827 | D:3      | Reached XP level 6. HP: 12/49 MP: 6/6
  2106 | D:3      | Noticed an ogre
  2228 | D:3      | Found a runed translucent door.
  2234 | D:3      | Noticed leebro123's ghost (amateur DsGl)
  2358 | D:3      | Reached XP level 7. HP: 17/55 MP: 7/7
  2484 | D:4      | Noticed Eustachio
  2488 | D:4      | Noticed Menkaure
  2715 | D:4      | Reached skill level 5 in Armour
  2715 | D:4      | Reached skill level 6 in Shields
  2728 | D:4      | Reached skill level 5 in Fighting
  3092 | D:4      | Killed Eustachio
  3346 | D:4      | Reached XP level 8. HP: 35/63 MP: 8/8
  3474 | D:4      | Mangled by an ogre

Illustrated notes

Levels and vault maps discovered:
D:1:      onia_arrival_mini_maze_b, layout_loops_corners,
          kennysheep_small_spiral, minmay_door_square
D:2:      layout_loops_corners, chequers_serial_rivers_micro_d,
          minmay_tromino_i2, uniq_crazy_yiuf_cottage
D:3:      layout_basic, ebering_ghost_inner_flame, minmay_ogre_servants,
          uniq_ijyb, uniq_grinder
D:4:      layout_basic, hangedman_decor_diamond_cutter, uniq_menkaure,
          uniq_eustachio

Skill      XL: |  1  2  3  4  5  6  7 |
---------------+----------------------+-----
Fighting       | 4 5 |  5.5
Axes           | 3 4 |  4.5
Armour         | 4 5 |  5.5
Shields        | 5 6 |  6.7

Action                   |  1- 3 |  4- 6 |  7- 9 || total
-------------------------+-------+-------+-------++-------
Melee: War axe           |    92 |   112 |   116 ||   320
 Abil: Dig               |       |     1 |       ||     1
  Use: Scroll            |       |     4 |     5 ||     9
       Potion            |       |     2 |     1 ||     3
Armor: Scale mail        |    36 |    66 |    57 ||   159
       Skin              |       |       |    21 ||    21
Dodge: Dodged            |    39 |    65 |    55 ||   159
Block: Buckler           |    24 |    33 |    47 ||   104

Table legend: (Time is in decaauts)
 A = Elapsed time spent in this place.
 B = Non-inter-level travel time spent in this place.
 C = Inter-level travel time spent in this place.
 D = Time resting spent in this place.
 E = Time spent auto-exploring this place.
 F = Levels seen in this place.
 G = Mean time per level.
                   A        B        C        D        E       F      G
               +--------+--------+--------+--------+--------+-----+--------+
         Total |   3595 |   3139 |    456 |    212 |      0 |   4 |  898.8 |
       Dungeon |   3595 |   3139 |    456 |    212 |      0 |   4 |  898.8 |
               +--------+--------+--------+--------+--------+-----+--------+

Top non-repeatable levels by time:
     D:3: 1173 daAuts
     D:2: 1016 daAuts
     D:1: 773 daAuts
     D:4: 633 daAuts
